Map: Pride of Altaris LE

Players

ByuN - Winner!

  • Race: Terran Terran

MarineLorD

  • Race: Terran Terran
  • League: Master

VOD

Have the link to the VOD?

Description

Time

  • Played on: Oct. 21, 2021, 9:18 a.m.
  • Length: 8:07
Show
View Real Time Build Order
Export as new Build Order

ByuN Terran - Winner!

Build Orders: Reaper Expand 

Get SALT Encoding   

  12  0:00  SCV  
  13  0:12  SCV  
  14  0:17  Supply Depot  
  14  0:24  SCV  
  15  0:38  SCV  
  15  0:39  Barracks  
  15  0:42  Refinery  
  16  0:50  SCV  
  17  1:02  SCV  
  18  1:15  SCV  
  19  1:27  Reaper, Orbital Command  
  20  1:38  Command Center  
  20  1:46  Supply Depot  
  20  1:52  SCV  
  21  1:59  Marine  
  22  2:05  Factory  
  22  2:06  SCV  
  23  2:16  Refinery  
  23  2:18  SCV  
  23  2:22  Barracks Reactor  
  24  2:30  SCV  
  24  2:33  Bunker  
  25  2:43  SCV  
  26  2:49  Hellion  
  28  2:52  Starport, Orbital Command  
  28  2:55  SCV  
  29  2:59  Marine x2  
  29  3:05  Refinery  
  31  3:07  SCV  
  31  3:11  Factory Tech Lab  
  32  3:16  Marine  
  32  3:17  Marine  
  34  3:20  SCV x2  
  36  3:27  Supply Depot  
  36  3:31  Cyclone  
  40  3:34  SCV  
  40  3:35  SCV  
  40  3:36  Starport Tech Lab  
  40  3:38  Marine  
  40  3:41  Marine  
  42  3:46  SCV  
  42  3:47  SCV  
  45  3:54  Supply Depot  
  45  3:55  Raven  
  45  3:59  Marine x2  
  45  4:01  SCV x2  
  51  4:06  Siege Tank  
  53  4:13  SCV x2  
  53  4:24  Marine  
  53  4:25  SCV x2  
  56  4:33  Engineering Bay  
  56  4:34  Supply Depot  
  56  4:35  Supply Depot  
  56  4:37  SCV  
  56  4:38  SCV  
  58  4:41  Siege Tank  
  61  4:47  Starport Reactor  
  61  4:52  Barracks  
  61  4:53  Barracks  
  61  4:55  SCV x2  
  61  4:57  Stimpack  
  63  5:02  Terran Infantry Weapons Level 1  
  63  5:04  Marine  
  64  5:07  SCV  
  64  5:08  SCV  
  64  5:10  Supply Depot  
  66  5:15  Siege Tank  
  66  5:20  SCV x2  
  71  5:22  Marine  
  72  5:30  Starport Reactor  
  72  5:32  SCV x2  
  72  5:33  Supply Depot  
  74  5:39  Marine  
  75  5:47  Marine x2  
  75  5:48  Marine x2, Siege Tank  
  82  5:52  Command Center  
  82  5:56  Refinery  
  82  5:57  Marine  
  82  6:00  SCV  
  82  6:01  SCV  
  85  6:05  Supply Depot x2  
  85  6:09  Marine x2  
  85  6:10  Marine x2  
  89  6:13  Medivac x2  
  89  6:16  SCV  
  94  6:26  Siege Tank  
  94  6:29  Supply Depot x2  
  94  6:30  SCV x2  
  101  6:33  Marine x2  
  101  6:34  Marine x3  
  101  6:37  Combat Shield  
  104  6:46  Medivac  
  106  6:48  Medivac  
  106  6:51  Barracks, SCV x2  
  106  6:54  Barracks  
  107  7:01  Marine x4  
  107  7:02  Marine  
  107  7:05  Siege Tank  
  115  7:10  Supply Depot  
  115  7:20  Marine x5  
  119  7:38  Marine  
  119  7:39  Marine x3  
  119  7:44  Barracks Reactor, SCV  
  121  7:45  Barracks Reactor  
  121  7:46  Marine  
  121  7:47  Engineering Bay, Armory  
  118  7:55  SCV  
Show
View Real Time Build Order
Export as new Build Order

MarineLorD Terran 

Build Orders:  

Get SALT Encoding   

  12  0:00  SCV  
  13  0:12  SCV  
  14  0:16  Supply Depot  
  14  0:24  SCV  
  15  0:38  SCV  
  15  0:40  Barracks  
  16  0:43  Refinery  
  16  0:50  SCV  
  16  0:53  Refinery  
  17  1:02  SCV  
  18  1:14  SCV  
  19  1:26  Barracks Reactor  
  19  1:27  Orbital Command  
  19  1:29  Supply Depot  
  19  1:42  Factory  
  19  1:52  SCV  
  20  2:03  Reaper  
  20  2:04  Reaper  
  20  2:05  SCV  
  23  2:17  SCV  
  23  2:22  Command Center  
  24  2:28  Hellion  
  26  2:30  SCV  
  26  2:35  Reaper  
  26  2:36  Reaper  
  29  2:41  Supply Depot  
  29  2:49  Hellion  
  31  2:57  Starport  
  31  3:02  SCV  
  32  3:07  Reaper  
  32  3:09  Reaper  
  32  3:12  Hellion  
  36  3:14  SCV  
  37  3:26  SCV  
  38  3:28  Supply Depot  
  38  3:34  Orbital Command  
  38  3:36  Factory Tech Lab  
  38  3:37  Refinery  
  38  3:40  Starport Tech Lab  
  38  3:41  SCV  
  38  3:46  Marine x2  
  41  3:53  SCV  
  41  3:55  Cyclone  
  45  3:59  SCV  
  46  4:05  SCV  
  42  4:11  Marine x2  
  42  4:15  SCV  
  41  4:17  SCV, Raven  
  41  4:27  Siege Tank, SCV  
  41  4:29  Marine x2  
  41  4:30  SCV  
  48  4:39  Supply Depot, SCV  
  48  4:42  SCV  
  50  4:46  Marine  
  50  4:47  Marine  
  50  4:51  SCV  
  53  4:54  SCV  
  54  5:00  Raven  
  54  5:05  Command Center  
  54  5:06  SCV x2  
  58  5:07  Siege Tank  
  61  5:17  Marine x2, Refinery  
  61  5:18  SCV x2  
  65  5:23  Supply Depot  
  65  5:30  SCV x2  
  69  5:42  SCV  
  69  5:44  Supply Depot  
  69  5:45  Siege Tank, Supply Depot, SCV  
  72  5:55  SCV  
  73  5:57  Viking, SCV  
  73  5:58  Viking  
  73  5:59  Stimpack  
  73  6:03  Supply Depot  
  78  6:05  Marine  
  78  6:07  SCV  
  78  6:09  SCV  
  81  6:17  Siege Tank, Orbital Command  
  84  6:19  SCV  
  85  6:26  Barracks x2  
  85  6:27  Viking, SCV  
  85  6:28  Viking  
  90  6:33  SCV  
  90  6:39  SCV  
  92  6:45  SCV, Orbital Command  
  93  6:50  Engineering Bay  
  93  6:51  Engineering Bay  
  93  6:52  SCV  
  94  6:55  Siege Tank  
  94  6:56  Marine  
  94  6:57  Viking  
  94  6:58  Viking, SCV  
  103  7:02  Supply Depot  
  103  7:03  Supply Depot  
  103  7:04  SCV  
  104  7:10  SCV  
  104  7:11  SCV  
  106  7:18  SCV  
  106  7:19  Marine  
  106  7:22  SCV  
  107  7:24  Refinery  
  107  7:25  Refinery  
  107  7:27  Viking, SCV  
  107  7:28  Viking  
  112  7:30  SCV  
  112  7:33  Marine  
  112  7:34  Marine  
  112  7:36  Marine  
  112  7:39  SCV  
  100  7:50  SCV  
  100  7:51  SCV  
  100  7:54  SCV  
  102  8:00  Barracks Reactor x2  
Tags
 
Add a new tag
Caveats
  • Supply blocks, unpowered buildings, or Contaminate may cause inaccurate times.
  • Supply counts are checked every 10 seconds.